← All builds
Geo / Legion / Economy first / OBSERVED BUILD

Standard geo

Legion Geo build order · Supreme Isthmus

Geo opens Legion Bot Lab then reclaims it for a Vehicle Plant, builds geothermal and advanced geothermal, blows the commander for T2, and transitions into T2 vehicles (Cicero, Charon, Legion Drone) to supply front and allies.

Usually blows up the commander for T2 (74%)

#eco #t2 · 23 distinct matches · 13 players · 24% of Legion Geo games · team won 30% of 23 · Recently observed

THE CATCH, AND WHAT COMES WITH IT
  • CiceroRadar jammer in 61%16% of all Geo games by then
  • MedusaMedusa in 57%16% of all Geo games by then
  • GladiatorGladiator in 52%16% of all Geo games by then
  • CharonFlak in 48%15% of all Geo games by then

Then transitions into Gladiator (16% of army), Medusa (15% of army), transport (12% of army).

HOW TO PLAY IT

Key timing: Geothermal Powerplant by 3:22

  1. Open mex and wind, then build Legion Bot Lab for early units.
  2. Finish Legion Bot Lab fast, planning to eat it at 3:17.
  3. Build geothermal, then advanced geothermal by 7:05 for power.
  4. Reclaim bot lab into Legion Vehicle Plant, then Advanced Vehicle Plant.
  5. Transition into T2 vehicles like Cicero and Charon for front and allies.

Phase by phase

TYPICAL OF ITS 23 GAMES · AGAINST STANDARD GEO
  1. 1
  2. 2
  3. 3
  4. 4
PLAY THE OPENING

Follow the example game's first 6:00 step by step: what to build now, what comes next, and where it goes. At 1× it keeps pace with your own game.

  1. 1

    Up to the Legion Bot Lab

    Economy
    • Metal Extractor2Mex
    • Wind Turbine4Wind+2 vs standard
    Order
    1. Legion Bot LabLegion Bot Lab after 2 mex, 4 winddone ~0:59, middle half 0:54–1:19

    By 0:42 in all: 2 mex · 4 wind (standard 2)

    The example game in this phase · 3 steps
    1. Mex ×3
    2. Wind ×3
    3. Legion Bot LabLegion Bot Labdone 1:14 · typical 0:59
  2. 2

    Legion Bot Lab to 5:00

    Economy
    • Metal Extractor2Mex
    • Wind Turbine4Wind
    • Energy Converter8Converter
    • Energy Storage1Energy storage
    Order
    1. Geothermal PowerplantGeo after 4 mex, 7 wind, 1 energy storage
    2. Legion Bot LabEat Legion Bot Lab
    Builders
    • Construction Turret6 Con turret
    • Zagreus5 Zagreus
    • Legion Construction Bot2 Legion Construction Bot
    • Legion Construction Bot1 Legion Construction Bot for allies
    • Zagreus1 Zagreus for allies

    Some games also: Goblin (35%)

    By 5:00 in all: 4 mex · 8 wind (standard 6) · 1 geo · 8 converter · 1 energy storage · 6 con turret

    The example game in this phase · 25 steps
    1. Legion Construction BotLegion Construction Botfor Beach sea
    2. Wind ×3
    3. ZagreusZagreus
    4. Wind ×2
    5. ZagreusZagreus
    6. Mex
    7. Legion Construction BotLegion Construction Bot
    8. Energy storage
    9. ZagreusZagreusfor Beach sea
    10. Geothermal PowerplantGeodone 3:30 · typical 3:23
    11. Legion Construction BotLegion Construction Bot
    12. ZagreusZagreus ×2
    13. Legion Bot LabEat Legion Bot Labreclaimed for its metal
    14. BrambleBramble
    15. Con turret ×2
    16. Converter ×2
    17. Con turret ×2
    18. Converter ×2
    19. Con turret
    20. Converter ×4
    21. Con turret
    22. Converter ×2
    23. Con turret
    24. Converter ×2
    25. Energy storage
  3. 3

    5:00 to Legion Vehicle Plant

    Economy
    • Energy Converter2Converter
    Order
    1. Advanced Geothermal PowerplantAdvanced Geothermal Powerplant after 8 wind, 10 converter, 6 con turretin 65% of games
    2. Legion Vehicle PlantLegion Vehicle Plant after 8 wind, 10 converter, 6 con turretdone ~7:18, middle half 6:57–7:34

    Some games also: con turret (48%) · wind (39%)

    By 7:07 in all: 4 mex · 8 wind · 1 geo · 1 Advanced Geothermal Powerplant · 10 converter · 1 energy storage

    The example game in this phase · 39 steps
    1. Wind ×2
    2. Converter
    3. Wind
    4. Converter
    5. Wind
    6. Converter
    7. Wind
    8. Converter
    9. Wind
    10. Converter
    11. Wind
    12. Converter
    13. Wind
    14. Advanced Metal ExtractorT2 mexdone 5:54 · typical 5:54
    15. Wind
    16. Converter
    17. Wind
    18. Advanced Metal ExtractorT2 mex
    19. Wind ×2
    20. Converter
    21. Wind ×8
    22. Dragon's TeethDragon's Teeth
    23. Advanced Metal ExtractorT2 mex
    24. Dragon's TeethDragon's Teeth ×3
    25. Wind
    26. Dragon's TeethDragon's Teeth
    27. Wind
    28. Dragon's TeethDragon's Teeth ×3
    29. Advanced Geothermal PowerplantAdvanced Geothermal Powerplantdone 7:40 · typical 7:10
    30. Dragon's TeethDragon's Teeth ×4
    31. Radar TowerRadar Tower
    32. Dragon's TeethDragon's Teeth ×2
    33. Advanced Metal ExtractorT2 mex
    34. Dragon's TeethDragon's Teeth ×2
    35. Bot LabBot Labdone 7:31
    36. PharosPharos
    37. Construction BotCon bot ×2
    38. PharosPharos
    39. Legion Vehicle PlantLegion Vehicle Plantdone 7:51 · typical 7:18
  4. 4

    Legion Vehicle Plant to 10:00

    Economy
    • Wind Turbine3Wind+3 vs standard
    • Energy Converter6Converter
    Order
    1. Advanced Vehicle PlantAdvanced Vehicle Plant after 8 wind, 10 converter, 6 con turret
    2. Legion Vehicle PlantEat Legion Vehicle Plant
    Builders
    • Legion Construction Vehicle1 Legion Construction Vehicle

    Some games also: radar jammer (43%) · mobile radar (43%) · T2 con vehicle for allies (39%) · Medusa (39%) · con turret (39%)

    The standard build makes here, this one skips: 2 Arquebus

    By 10:00 in all: 4 mex · 16 wind (standard 9) · 1 geo · 1 Advanced Geothermal Powerplant · 19 converter · 1 energy storage

    The example game in this phase · 178 steps
    1. Construction BotCon bot
    2. Legion Construction VehicleLegion Construction Vehicle
    3. PharosPharos
    4. Bot LabEat Bot Labreclaimed for its metal
    5. Advanced Vehicle PlantAdvanced Vehicle Plantdone 8:28 · typical 8:25
    6. Converter
    7. PharosPharos
    8. GladiatorGladiatordone 8:36 · typical 9:32
    9. Converter
    10. PharosPharos
    11. GladiatorGladiator
    12. Converter
    13. Dragon's JawDragon's Jaw
    14. GladiatorGladiator
    15. Converter
    16. Wind ×2
    17. Converter
    18. GladiatorGladiator
    19. MedusaMedusadone 9:24 · typical 9:23
    20. Converter
    21. SentrySentry
    22. Wind ×2
    23. SentrySentry
    24. GladiatorGladiator
    25. SentrySentry
    26. Wind ×2
    27. GladiatorGladiator ×3
    28. Con turret ×2
    29. GladiatorGladiator
    30. MedusaMedusa
    31. Legion Vehicle PlantEat Legion Vehicle Plantreclaimed for its metal
    32. Legion Bot LabLegion Bot Labdone 10:28
    33. GladiatorGladiator
    34. ZagreusZagreus
    35. GladiatorGladiator
    36. ZagreusZagreus ×2
    37. GladiatorGladiator ×2
    38. Con turret ×2
    39. CenturionCenturion
    40. BeamerBeamer
    41. CiceroRadar jammer
    42. Wind ×2
    43. PhemeMobile radar
    44. Wind ×2
    45. GoblinGoblin ×2
    46. Wind ×2
    47. GoblinGoblin
    48. MedusaMedusa
    49. GoblinGoblin
    50. Wind ×2
    51. GoblinGoblin
    52. Wind ×2
    53. GoblinGoblin ×2
    54. Converter ×2
    55. GoblinGoblin
    56. Converter
    57. GoblinGoblin
    58. Converter
    59. ZagreusZagreus
    60. Wind ×2
    61. MedusaMedusa
    62. ZagreusZagreus
    63. Con turret
    64. Wind ×2
    65. ZagreusZagreus
    66. Wind ×4
    67. ZagreusZagreus
    68. Con turret
    69. Wind ×4
    70. ZagreusZagreus
    71. Wind ×2
    72. ZagreusZagreus
    73. CharonFlakdone 12:45
    74. Wind ×2
    75. GoblinGoblin
    76. Wind
    77. GoblinGoblin
    78. Wind
    79. GoblinGoblin
    80. CharonFlak
    81. GoblinGoblin
    82. Converter ×2
    83. GoblinGoblin ×2
    84. AcesoAceso
    85. Advanced Construction VehicleT2 con vehicle
    86. GoblinGoblin
    87. Wind ×2
    88. GoblinGoblin
    89. Wind ×2
    90. GoblinGoblin ×2
    91. AcesoAceso
    92. GoblinGoblin
    93. Wind ×2
    94. AcesoAceso
    95. GoblinGoblin
    96. AcesoAceso
    97. GoblinGoblin
    98. Wind
    99. GoblinGoblin
    100. Wind
    101. CharonFlak
    102. GoblinGoblin
    103. Wind ×2
    104. GoblinGoblin
    105. Converter
    106. GoblinGoblin
    107. CharonFlak
    108. GoblinGoblin
    109. Converter
    110. Wind
    111. GoblinGoblin ×2
    112. Wind
    113. CharonFlak
    114. GoblinGoblin
    115. Wind ×2
    116. GoblinGoblin ×2
    117. CharonFlak
    118. Wind
    119. GoblinGoblin ×2
    120. Wind ×2
    121. GoblinGoblin
    122. CharonFlak
    123. GoblinGoblin
    124. Wind ×2
    125. GoblinGoblin
    126. Wind
    127. GoblinGoblin
    128. Wind
    129. GoblinGoblin
    130. Wind
    131. GoblinGoblin ×2
    132. Wind ×2
    133. GoblinGoblin
    134. MedusaMedusa
    135. GoblinGoblin
    136. Converter
    137. GoblinGoblin
    138. Converter
    139. Advanced Metal ExtractorT2 mexdone 14:21
    140. GoblinGoblin
    141. Converter
    142. GoblinGoblin
    143. Converter
    144. GoblinGoblin
    145. Wind ×2
    146. GoblinGoblin ×2
    147. MedusaMedusa
    148. Converter
    149. GoblinGoblin
    150. Advanced Construction VehicleT2 con vehicle
    151. Converter
    152. GoblinGoblin ×2
    153. Wind ×2
    154. GoblinGoblin
    155. MedusaMedusa
    156. GoblinGoblin
    157. Wind
    158. GoblinGoblin
    159. Wind ×2
    160. GoblinGoblin
    161. Wind
    162. Advanced Metal ExtractorT2 mex
    163. AegisAegisnot finished by 15:00
    164. GoblinGoblin
    165. Wind ×2
    166. GoblinGoblin
    167. Wind ×2
    168. GoblinGoblin
    169. Wind
    170. GoblinGoblin
    171. Wind
    172. Legion Drone PlantLegion Drone Plantnot finished by 15:00
    173. Wind ×2
    174. GoblinGoblin
    175. Wind ×2
    176. Advanced Metal ExtractorT2 mex
    177. CiceroRadar jammer
    178. GoblinGoblin

Counts are medians over the build's games: half of them build more, half fewer. The example game is Godmother13's (37 OS, 06/09/2026); pick another.

Team trades

IN AT LEAST 30% OF ITS GAMES

You hand over

  • Zagreus1 Zagreus to Beach sea or Front or Suicide frontfirst at 2:06 · in 61% of games
  • Legion Construction Bot1 Legion Construction Bot to Beach sea or Pondfirst at 2:24 · in 74% of games
  • Advanced Construction Vehicle1 T2 con vehicle to Suicide front or Frontfirst at 9:13 · in 52% of games

You get

  • Advanced Metal Extractor1 T2 mex from Techfirst at 5:00 · in 30% of games
  • Advanced Construction Bot1 T2 con bot from Techfirst at 5:10 · in 87% of games

How it plays out

Typical game of this build, running totals by minute

Metal produced

020k40k
0:005:0010:0015:00

metal

Enemy metal destroyed

05k10k15k
0:005:0010:0015:00

metal

Own metal lost

02k4k6k
0:005:0010:0015:00

metal

23 games.

Show as table
ByMetal produced: This buildEnemy metal destroyed: This buildOwn metal lost: This build
1:0033100
2:0082800
3:00154700
4:00277400
5:00375600
6:00533900
7:007762050
8:0010951050
9:00140493290
10:0016880270214
11:0019793615222
12:00227162505389
13:002595755441010
14:002875187452780
15:0031733107654640
WHAT THE NUMBERS SAY

Standard geo play with the biggest eco of any role shown, but team still won under half its games.

  • + Produces 32330 metal by 15:00, more than any other role's standard build.
  • − Team won only 40% of games despite dominating metal production.
THE EXAMPLE YOU ARE READING

Godmother13

36.8 OS · 06/09/2026

Open source match ↗

3 received units · includes a constructor
286 metal received · 321320 energy received

Allied construction assistance is unknown. Timings are observations, not a promise of solo reproducibility.

Typical milestones

Legion Bot Lab0:59Middle 50%: 0:54–1:19 · n=23
Geothermal Powerplant3:23Middle 50%: 3:13–3:31 · n=23
Advanced Metal Extractor5:54Middle 50%: 5:23–6:20 · n=20
Advanced Geothermal Powerplant7:10Middle 50%: 7:02–7:31 · n=18
Legion Vehicle Plant7:18Middle 50%: 6:57–7:34 · n=20
Advanced Vehicle Plant8:25Middle 50%: 7:55–8:40 · n=20
Mantis9:19Middle 50%: 8:37–11:54 · n=12
Medusa9:23Middle 50%: 8:51–9:48 · n=12
Gladiator9:32Middle 50%: 8:55–10:51 · n=14

Played most by

[Grump]Matsuri5games of this build[Crd]Atlas4games of this buildGodmother132games of this buildLexosis2games of this buildYogaBoy1584972games of this build